 Dungeon Crawl Stone Soup version 0.29.0-5-ge4962eb29e (webtiles) character file.

Game seed: 16871072524904954955

557 greasedhog the Cudgeller (level 7, -11/44 HPs)
             Began as a Gargoyle Fighter on Aug 28, 2022.
             Mangled by a wight
             ... wielding a +3 morningstar
              (13 damage)
             ... on level 5 of the Dungeon.
             The game lasted 00:04:55 (4116 turns).

greasedhog the Cudgeller (Gargoyle Fighter)         Turns: 4116, Time: 00:04:56

Health: -11/44     AC: 14    Str: 18 (20) XL:     7   Next: 30%
Magic:  7/7        EV:  9    Int:  5 (8)  God:
Gold:   188        SH:  4    Dex:  8 (11) Spells: 6/6 levels left

rFire   . . .      SeeInvis .   l - +0 club (spect)
rCold   . . .      Faith    .   c - +0 buckler
rNeg    + . .      Spirit   .   b - +0 scale mail
rPois   ∞          Reflect  .   (no helmet)
rElec   +          Harm     .   j - +0 cloak
rCorr   .          Rampage  .   (no gloves)
Will    .....                   s - +0 pair of boots
Stlth   ..........              (no amulet)
HPRegen 0.14/turn               (no ring)
MPRegen 0.10/turn               (no ring)

@: mighty
A: sickness immunity, AC +4, negative energy resistance 1, electricity
resistance, torment resistance 1, petrification resistance
a: no special abilities


You were on level 5 of the Dungeon.
You visited 1 branch of the dungeon, and saw 5 of its levels.

You collected 188 gold pieces.

Inventory:

Hand Weapons
 l - a +0 spectral club (weapon)
Missiles
 h - 12 poisoned darts (quivered)
 p - a throwing net
Armour
 b - a +0 scale mail (worn)
 c - a +0 buckler (worn)
 j - a +0 cloak (worn)
 s - a +0 pair of boots (worn)
Scrolls
 e - a scroll of fear
 f - 4 scrolls of amnesia
 g - 3 scrolls of teleportation
 i - a scroll of enchant armour
 k - 3 scrolls of fog
 r - a scroll of poison
 u - a scroll of torment
Potions
 a - 2 potions of degeneration
 d - a potion of might
 m - a potion of flight {unknown}
 n - 2 potions of attraction {unknown}
 o - 3 potions of mutation {unknown}
 q - a potion of heal wounds {unknown}
 t - a potion of lignification {unknown}
 v - a potion of invisibility {unknown}


   Skills:
 - Level 5.2 Fighting
 * Level 5.6 Maces & Flails
 - Level 5.0 Armour
 * Level 1.0 Dodging
 - Level 3.2 Shields


You had 6 spell levels left.
You didn't know any spells.
Your spell library contained the following spells:

 Spells                   Type           Power      Damage    Failure   Level
 Beastly Appendage        Tmut           0%         N/A       91%         1
 Poisonous Vapours        Pois/Air       0%         N/A       97%         2
 Wereblood                Tmut           0%         N/A       97%         2
 Ignite Poison            Fire/Tmut/Pois 0%         N/A       99%         3
 Inner Flame              Hex/Fire       0%         N/A       99%         3
 Mephitic Cloud           Conj/Pois/Air  0%         N/A       99%         3
 Spider Form              Tmut/Pois      0%         N/A       99%         3
 Cause Fear               Hex            0%         N/A       100%        4
 Corpse Rot               Necr/Pois/Air  0%         N/A       100%        4
 Freezing Cloud           Conj/Ice/Air   0%         6-21      100%        5
 Summon Forest            Summ/Tloc      0%         N/A       100%        5
 Summon Mana Viper        Hex/Summ       0%         N/A       100%        5
 Eringya's Noxious Bog    Tmut/Pois      0%         N/A       100%        6
 Summon Cactus Giant      Summ           0%         N/A       100%        6
 Summon Hydra             Summ           0%         N/A       100%        7
 Discord                  Hex            0%         N/A       100%        8


Dungeon Overview and Level Annotations

Branches:
Dungeon (5/15)
 Temple: D:4-7

Altars:
Ashenzari
Trog

Annotations:
D:4 1 runed translucent door, airrhodes1's ghost, amateur HOMo


Innate Abilities, Weirdness & Mutations

You are immune to sickness and miasma.
Your stone body is resilient. (AC +4)
You are immune to poison.
You resist negative energy. (rN+)
You are resistant to electric shocks. (rElec)
You are resistant to unholy torment.
You are immune to petrification.


Message History

The wight is lightly damaged.
You barely miss the wight. You hit the wight but do no damage.
The wight hits you with a +3 morningstar.
You hit the wight but do no damage. The wight barely misses you.
You barely miss the wight.
The wight hits you with a +3 morningstar!
The wight closely misses you.
You barely miss the wight. The wight hits you but does no damage.
You hit the wight.
The wight is lightly damaged.
The wight hits you with a +3 morningstar!
You closely miss the wight.
The wight is lightly damaged.
You block the wight's attack.
You hit the wight but do no damage.
The wight is lightly damaged.
The wight barely misses you.
You barely miss the wight.
The wight is lightly damaged.
The wight hits you with a +3 morningstar.
You closely miss the wight.
The wight is lightly damaged.
The wight barely misses you.
You hit the wight but do no damage.
The wight is lightly damaged.
The wight hits you with a +3 morningstar!
* * * LOW HITPOINT WARNING * * *
You can't see any enemies this would affect, really read the scroll of fear?
Okay, then.
As you read the scroll of fog, it crumbles to dust.
The scroll dissolves into smoke.
You block the wight's attack.
You feel very mighty all of a sudden.
The wight hits you with a +3 morningstar.
* * * LOW HITPOINT WARNING * * *
It was a potion of degeneration.
There was something very wrong with that liquid.
You feel weakened.
You feel dopey.
You feel clumsy.
The wight hits you with a +3 morningstar!
You die...

♣. ###### ♣ ... #....#
#.♣♣...♣♣ . ###...#
###§..._.. .#
##.....####§§§♣♣...♣ .# ##
..###..##....##z@§♣.... ♣.#
#. ...#......#..§z##§..♣.♣
..# #.
.......z...#..z....♣♣.♣♣..#
#.
.................#.......#
#.
.......#.....#####......#
#### ......###....#
#..##..## #..# ......#
##...####.####.# ##...
..:...# #..###.#..##..###
#.#.. ..#...#
##..#.#....#(...#####..#


You could see 2 wights.

Vanquished Creatures
  A black bear (D:4)
  3 ogres
  A jelly (D:4)
  Crazy Yiuf (D:2)
  Jessica (D:2)
  3 gnolls (D:4)
  3 adders
  A dart slug (D:2)
  6 orcs
  7 bats
  6 endoplasms
  3 giant cockroaches
  3 goblins
  5 hobgoblins
  A quokka (D:4)
  5 ball pythons
  3 frilled lizards
  9 kobolds
  6 rats
68 creatures vanquished.

Notes
Turn   | Place    | Note
-------+----------+-------------------------------------------
     0 | D:1      | greasedhog the Gargoyle Fighter began the quest for the
                  | Orb.
     0 | D:1      | Reached XP level 1. HP: 14/14 MP: 1/1
   261 | D:1      | Reached XP level 2. HP: 9/19 MP: 2/2
   612 | D:1      | Found a faded altar of an unknown god.
  1009 | D:2      | Found a runed translucent door.
  1010 | D:2      | Noticed Crazy Yiuf
  1029 | D:2      | Reached XP level 3. HP: 24/24 MP: 3/3
  1043 | D:2      | Killed Crazy Yiuf
  1246 | D:2      | Noticed Jessica
  1248 | D:2      | Killed Jessica
  1249 | D:2      | Reached XP level 4. HP: 30/30 MP: 4/4
  1442 | D:2      | Noticed an ogre
  1452 | D:2      | Killed an ogre
  1453 | D:2      | Reached skill level 5 in Fighting
  1453 | D:2      | Reached XP level 5. HP: 23/35 MP: 5/5
  2571 | D:4      | Found a runed translucent door.
  2580 | D:4      | Noticed airrhodes1's ghost (amateur HOMo)
  2608 | D:4      | Reached XP level 6. HP: 40/40 MP: 6/6
  3163 | D:4      | Noticed a black bear
  3174 | D:4      | Killed a black bear
  3175 | D:4      | Reached skill level 5 in Maces & Flails
  3175 | D:4      | Reached XP level 7. HP: 33/44 MP: 7/7
  3302 | D:4      | Found a bloodstained altar of Trog.
  3319 | D:4      | Reached skill level 5 in Armour
  3667 | D:5      | Entered Level 5 of the Dungeon
  3760 | D:5      | Reached skill level 1 in Dodging
  4022 | D:5      | Found a broken altar of Ashenzari.
  4115 | D:5      | HP: 2/44 [wight/+3 morningstar (5)]
  4116 | D:5      | Mangled by a wight

Illustrated notes

Levels and vault maps discovered:
D:1:      reono_arrival_forest_river, layout_loops_cross,
          dreamdust_ecumenical_altar_angels_and_demons
D:2:      layout_basic, uniq_crazy_yiuf_cottage, uniq_jessica
D:3:      minmay_door_path, layout_rooms, grunt_decor_resistance
D:4:      layout_gridville, mainiacjoe_overflow_tiny_flanked,
          ebering_ghost_sewer_d, skrybe_limestone_x
D:5:      layout_layer_cave, mainiacjoe_overflow_small_starburst,
          nrook_mini_vaults

Skill      XL: |  1  2  3  4  5  6  7 |
---------------+----------------------+-----
Fighting       | 4 5 |  5.2
Maces & Flails | 3 4 5 |  5.6
Armour         | 4 5 |  5.0
Dodging        | 1 |  1.0
Shields        | |  3.2

Action                   |  1- 3 |  4- 6 |  7- 9 || total
-------------------------+-------+-------+-------++-------
Melee: Flail             |    62 |       |       ||    62
       Club              |       |    82 |    31 ||   113
Throw: Dart              |       |     7 |     3 ||    10
  Use: Scroll            |     3 |     2 |     4 ||     9
       Potion            |     1 |       |     2 ||     3
 Stab: Distracted        |       |       |     1 ||     1
Armor: Scale mail        |    25 |    46 |     4 ||    75
Dodge: Dodged            |    30 |    43 |    16 ||    89
Block: Buckler           |    10 |    12 |     8 ||    30
